 Dungeon Crawl Stone Soup version 0.31-a0-1066-g35875b34c7 (webtiles) character file.

Game seed: 2521746534857979996

799 Malachi the Shooter (level 7, -5/56 HPs)
             Began as a Demonspawn Hunter on Nov 22, 2023.
             Was a Priest of Qazlal.
             Slain by Edmund
             ... wielding a +1 dire flail of protection
              (6 damage)
             ... on level 5 of the Dungeon.
             The game lasted 00:05:58 (4990 turns).

Malachi the Shooter (Demonspawn Hunter)             Turns: 4990, Time: 00:05:58

Health: -5/56      AC:  4    Str: 11    XL:     7   Next: 59%
Magic:  7/7        EV: 12    Int: 10    God:    Qazlal [***...]
Gold:   185        SH:  0    Dex: 19    Spells: 6/6 levels left

rFire   + . .        a - +1 shortbow (flame)
rCold   + . .        (shield currently unavailable)
rNeg    . . .        c - +0 leather armour
rPois   +            (helmet restricted)
rElec   +            j - +0 cloak
rCorr   +            (no gloves)
SInv    .            (no boots)
Will    .....        (no amulet)
Stlth   +            (no ring)
HPRegen 0.29/turn    (no ring)
MPRegen 0.10/turn

%: no passive effects
@: confused, lit by a corona, resistant, glowing
A: antennae 2, powered by pain 1, sturdy frame 1, demonic magic 2
a: Renounce Religion, Upheaval, Elemental Force


You were on level 5 of the Dungeon.
You worshipped Qazlal.
Qazlal was most pleased with you.
You visited 1 branch of the dungeon, and saw 5 of its levels.

You collected 185 gold pieces.

Inventory:

Hand Weapons
 a - a +1 shortbow of flaming (weapon)
 h - the +7 dagger of Darkness {flame, Str+3 Stlth+}
   (You found it on level 3 of the Dungeon)

   Str+3:     It affects your strength (+3).
   Stlth+:    It makes you more stealthy.
Armour
 c - a +0 leather armour (worn)
 j - a +0 cloak (worn)
Jewellery
 l - a ring of protection from cold
Scrolls
 g - a scroll of fear {unknown}
 i - a scroll of poison
 k - a scroll of torment {unknown}
Potions
 f - a potion of brilliance {unknown}
 m - 2 potions of lignification {unknown}


   Skills:
 + Level 5.1 Fighting
 + Level 7.5 Ranged Weapons
 - Level 1.7 Dodging
 - Level 0.8 Stealth


You had 6 spell levels left.
You didn't know any spells.
Your spell library contained the following spells:

 Spells                   Type           Power      Damage    Failure   Level
 Kiss of Death            Conj/Necr      0%         2d5       38%         1
 Blink                    Tloc           0%         N/A       52%         2
 Ensorcelled Hibernation  Hex/Ice        0%         N/A       52%         2
 Lesser Beckoning         Tloc           0%         N/A       52%         2
 Momentum Strike          Conj/Tloc      0%         3d8       52%         2
 Passwall                 Tmut/Erth      0%         N/A       52%         2
 Wereblood                Tmut           0%         N/A       52%         2
 Confusing Touch          Hex            0%         N/A       77%         3
 Swiftness                Air            0%         N/A       77%         3
 Dispel Undead            Necr           0%         3d6       99%         4
 Irradiate                Conj/Tmut      0%         3d11      100%        5


Dungeon Overview and Level Annotations

Branches:
Dungeon (5/15)
 Temple: D:4-7

Altars:
Fedhas
Qazlal
Ru
Yredelemnul

Shops:
D:3 !

Annotations:
D:5 Dowan, Duvessa, Edmund, Grinder, Ijyb


Innate Abilities, Weirdness & Mutations

You have a pair of antennae on your head.
You sometimes gain a little power by taking damage.
Your movements are slightly less encumbered by armour. (ER -2)
Spells you cast may paralyse nearby enemies.


Message History

You shoot an arrow.
The arrow hits Duvessa but does no damage.
Duvessa is severely wounded.
Dowan points at you and mumbles some strange words.
You are outlined in light.
You shoot an arrow. The arrow barely misses Duvessa.
The arrow hits Ijyb but does no damage.
Duvessa closely misses you.
You shoot an arrow.
Edmund shouts!
The arrow hits Duvessa but does no damage.
Duvessa is severely wounded.
Duvessa hits you with a +0 short sword.
The ice beast hits you but does no damage.
You shoot an arrow. The arrow hits Duvessa!
The arrow burns Duvessa.
Duvessa is almost dead.
Duvessa says, "Where magic fails, the sword succeeds!"
Duvessa hits you with a +0 short sword! You block the ice beast's attack.
Unknown command.
The ice beast attacks as it pursues you!
The ice beast hits you but does no damage.
Edmund hits you with a +1 dire flail of protection!
Ijyb zaps a wand.
Your will is overpowered!
You are confused.
Edmund attacks as he pursues you!
Edmund hits you with a +1 dire flail of protection!
You clumsily bash the ice beast but do no damage.
The ice beast hits you but does no damage.
Edmund hits you with a +1 dire flail of protection!
* * * LOW HITPOINT WARNING * * *
The ice beast hits you.
* * * LOW HITPOINT WARNING * * *
The ice beast freezes you.
* * * LOW HITPOINT WARNING * * *
You are too confused!
Unknown command.
It was a potion of resistance.
You feel protected.
Edmund hits you with a +1 dire flail of protection.
You die...
Edmund says, "That'll show my brother!"

#.............#
#..####
#.............#
#..# #
#......<....## #..#
# #............#
#..#
.##............#
#...
......).####...####
....
.........#####.....
.###
.........°.@.......
.........○@°...##
#........g§Y°..#
##........er..##
#.........e..#
#...#.........#
...###..........
..# #..##.......
#.# ###....... #..
#......


You could see Edmund, Duvessa, an ice beast, Ijyb, Dowan and a quokka.

Vanquished Creatures
  A water moccasin (D:5)
  A centaur (D:5)
  A scorpion (D:4)
  A centaur zombie (D:3)
  A hound (D:4)
  2 orc priests (D:4)
  An iguana (D:4)
  Crazy Yiuf (D:3)
  A sleepcap (D:4)
  Jessica (D:3)
  A scorpion zombie (D:3)
  Natasha (twice) (D:3)
  Robin (D:3)
  7 gnolls
  5 adders
  2 worms (D:2)
  A dart slug (D:2)
  8 orcs
  6 ball pythons
  8 bats
  9 endoplasms
  7 giant cockroaches
  15 goblins
  9 hobgoblins
  4 jackals (D:3)
  2 quokkas
  5 frilled lizards
  12 kobolds
  5 rats
120 creatures vanquished.

Notes
Turn   | Place    | Note
-------+----------+-------------------------------------------
     0 | D:1      | Malachi the Demonspawn Hunter began the quest for the Orb.
     0 | D:1      | Reached XP level 1. HP: 16/16 MP: 1/1
     2 | D:1      | Noticed a demigod
     2 | D:1      | Noticed an octopode
     4 | D:1      | Noticed a vine stalker
     4 | D:1      | Noticed a felid
     6 | D:1      | Noticed a demonspawn
     6 | D:1      | Noticed a vampire
     8 | D:1      | Noticed an armataur
     8 | D:1      | Noticed an ogre
    10 | D:1      | Noticed a spriggan
    10 | D:1      | Noticed a meteoran
    12 | D:1      | Noticed an elf
    14 | D:1      | Noticed a merfolk
    16 | D:1      | Noticed a formicid
    16 | D:1      | Noticed a naga
    18 | D:1      | Noticed a draconian
    18 | D:1      | Noticed a troll
    20 | D:1      | Noticed a gargoyle
    20 | D:1      | Noticed a ghoul
    22 | D:1      | Noticed a human
    22 | D:1      | Noticed a tengu
    24 | D:1      | Noticed a meteoran
    26 | D:1      | Noticed a troll
    26 | D:1      | Noticed a human
   127 | D:1      | Reached skill level 4 in Ranged Weapons
   143 | D:1      | Gained mutation: You have a pair of small antennae on your
                  | head. [demonic ancestry]
   143 | D:1      | Reached XP level 2. HP: 22/22 MP: 2/2
   644 | D:2      | Found a faded altar of an unknown god.
   652 | D:2      | Prayed at the altar of an unknown god.
   652 | D:2      | Became a worshipper of Qazlal Stormbringer
   652 | D:2      | Reached * piety under Qazlal
   664 | D:2      | Gained mutation: You sometimes gain a little power by
                  | taking damage. [demonic ancestry]
   664 | D:2      | Reached XP level 3. HP: 27/27 MP: 3/3
   866 | D:2      | Reached skill level 5 in Ranged Weapons
  1401 | D:2      | Gained mutation: Spells you cast may paralyse adjacent
                  | enemies. [demonic ancestry]
  1401 | D:2      | Reached XP level 4. HP: 33/33 MP: 4/4
  1630 | D:2      | Reached ** piety under Qazlal
  2004 | D:3      | Identified the +7 dagger of Darkness {flame, Str+3 Stlth+}
  2013 | D:3      | Noticed Natasha
  2026 | D:3      | Killed Natasha
  2153 | D:3      | Gained mutation: You have a pair of antennae on your head.
                  | [demonic ancestry]
  2153 | D:3      | Reached XP level 5. HP: 34/38 MP: 5/5
  2159 | D:3      | Noticed Robin
  2165 | D:3      | Killed Robin
  2200 | D:3      | Noticed Jessica
  2209 | D:3      | Killed Jessica
  2210 | D:3      | Reached skill level 6 in Ranged Weapons
  2257 | D:3      | Found Qumennemutt's Distillery.
  2577 | D:3      | Found a basalt altar of Yredelemnul.
  2618 | D:3      | Found a sacrificial altar of Ru.
  2619 | D:3      | Noticed Natasha
  2630 | D:3      | Killed Natasha
  2631 | D:3      | Gained mutation: Spells you cast may paralyse nearby
                  | enemies. [demonic ancestry]
  2631 | D:3      | Reached XP level 6. HP: 10/44 MP: 6/6
  3044 | D:3      | Found a runed translucent door.
  3045 | D:3      | Noticed Crazy Yiuf
  3054 | D:3      | Killed Crazy Yiuf
  3058 | D:3      | Identified the +3 hammer "Fialuly" {freeze, Int+2}
  3203 | D:4      | Found a blossoming altar of Fedhas.
  3246 | D:4      | Reached skill level 7 in Ranged Weapons
  3317 | D:4      | Reached *** piety under Qazlal
  3659 | D:4      | Gained mutation: Your movements are slightly less
                  | encumbered by armour. (ER -2) [demonic ancestry]
  3659 | D:4      | Reached XP level 7. HP: 40/54 MP: 7/7
  3874 | D:5      | Entered Level 5 of the Dungeon
  4433 | D:5      | Noticed Edmund
  4435 | D:5      | Noticed Grinder
  4776 | D:4      | Reached skill level 5 in Fighting
  4977 | D:5      | Noticed Duvessa
  4981 | D:5      | Noticed Dowan
  4982 | D:5      | Noticed Ijyb
  4989 | D:5      | HP: 1/56 [ice beast (6)]
  4990 | D:5      | Slain by Edmund

Illustrated notes

Levels and vault maps discovered:
D:1:      kb_arrival_jail, layout_basic, nicolae_concentric_dashed_squares_mild,
          minmay_misc_feat_nine_boxes
D:2:      layout_basic, nicolae_ecumenical_pavilion
D:3:      layout_basic, lemuel_zombie_altar_yredelemnul,
          nicolae_ru_the_path_less_chosen, serial_shops,
          nicolae_shop_tiny_real_fake_doors, chequers_serial_rivers_micro_e,
          uniq_robin, uniq_natasha, uniq_jessica, uniq_crazy_yiuf_cottage
D:4:      layout_loops_ring, lemuel_tele_altar, minmay_misc_feat_columns
D:5:      layout_layer_cave, serial_library_hellmonk_hallway_a, uniq_edmund,
          uniq_duvessa, uniq_grinder, uniq_ijyb

Skill      XL: |  1  2  3  4  5  6  7 |
---------------+----------------------+-----
Ranged Weapons | 4 5 6 7 |  7.5
Fighting       | 4 5 |  5.1
Dodging        | |  1.7
Stealth        | |  0.8

Action                     |  1- 3 |  4- 6 |  7- 9 || total
---------------------------+-------+-------+-------++-------
  Melee: Dagger            |       |    21 |    13 ||    34
         Punch             |       |     1 |       ||     1
         Shortbow          |       |       |     1 ||     1
   Fire: Shortbow          |   131 |   188 |    40 ||   359
    Use: Scroll            |       |     6 |     1 ||     7
         Potion            |       |       |     2 ||     2
 Armour: Leather armour    |    26 |    76 |    38 ||   140
  Dodge: Dodged            |    34 |    91 |    16 ||   141
  Block: Other             |     5 |    15 |    10 ||    30

Table legend: (Time is in decaauts)
 A = Elapsed time spent in this place.
 B = Non-inter-level travel time spent in this place.
 C = Inter-level travel time spent in this place.
 D = Time resting spent in this place.
 E = Time spent auto-exploring this place.
 F = Levels seen in this place.
 G = Mean time per level.
                   A        B        C        D        E       F      G
               +--------+--------+--------+--------+--------+-----+--------+
         Total |   5061 |   4905 |    156 |   1386 |   2719 |   5 | 1012.2 |
       Dungeon |   5061 |   4905 |    156 |   1386 |   2719 |   5 | 1012.2 |
               +--------+--------+--------+--------+--------+-----+--------+

Top non-repeatable levels by time:
     D:2: 1299 daAuts
     D:3: 1241 daAuts
     D:4: 1185 daAuts
     D:5: 677 daAuts
     D:1: 657 daAuts
